 Dungeon Crawl Stone Soup version bcrawl-1.19.2-6-g6a88ae04c9 (webtiles) character file.

Game seed: 16254720544806154167

100 Mrkan the Covered (level 4, -2/29 HPs)
             Began as a Gargoyle Fighter on Dec 30, 2019.
             Slain by an iguana (5 damage)
             ... on level 3 of the Dungeon.
             The game lasted 00:02:34 (2119 turns).

Mrkan the Covered (Gargoyle Fighter)                Turns: 2119, Time: 00:02:35

Health: -2/29      AC: 10    Str: 19    XL:     4   Next: 73%
Magic:  4/4        EV:  7    Int:  9    God:
Gold:   151        SH:  9    Dex: 10    Spells: 3/3 levels left

rFire    . . .     SeeInvis .   a - +0 flail
rCold    . . .     Gourm    .   c - +0 shield
rNeg     + . .     Faith    .   b - +0 scale mail
rPois    ∞         Spirit   .   (no helmet)
rElec    +         Reflect  .   (no cloak)
rCorr    .         Harm     .   (no gloves)
MR       .....                  (no boots)
Stlth    ..........             (no amulet)
HPRegen  0.09/turn              (no ring)
MPRegen  0.09/turn              (no ring)

@: no status effects
A: negative energy resistance 1, electricity resistance, unbreathing,
petrification resistance, rot immunity, AC +3
a: no special abilities


You were on level 3 of the Dungeon.
You were not hungry.

You visited 1 branch of the dungeon, and saw 3 of its levels.

You collected 151 gold pieces.

Inventory:

Hand Weapons
 a - a +0 flail (weapon)
Armour
 b - a +0 scale mail (worn)
 c - a +0 shield (worn)
 m - a +0 pair of gloves
Scrolls
 e - a scroll of teleportation {unknown}
 g - 4 scrolls of remove curse {unknown}
 i - 2 scrolls of amnesia {unknown}
 j - a scroll of magic mapping {unknown}
 l - a scroll of identify {unknown}
Potions
 d - a potion of might
 k - a potion of curing {unknown}
Comestibles
 f - 4 rations {!d}
 h - 2 chunks of flesh


   Skills:
 + Level 3.9 Fighting
 * Level 3.3 Maces & Flails
 + Level 3.9 Armour
 + Level 3.9 Shields


You had 3 spell levels left.
You didn't know any spells.
Your spell library was empty.

Dungeon Overview and Level Annotations

Branches:
Dungeon (3/12)

Altars:


Innate Abilities, Weirdness & Mutations

You are resistant to torment.
Your stone body is resilient. (AC +3)
You are immune to poison.
You resist negative energy. (rN+)
You are resistant to electric shocks. (rElec)
You can survive without breathing.
You are immune to petrification.
You are immune to rotting.


Message History

Your shield and scale mail prevent you from hitting the iguana.
You block the iguana's attack.
You closely miss the iguana. The iguana bites you.
You closely miss the iguana. The iguana bites you.
You block the iguana's attack.
You hit the iguana.
The iguana is moderately wounded.
The iguana bites you.
* * * LOW HITPOINT WARNING * * *
You hit the iguana.
The iguana is heavily wounded.
You block the iguana's attack.
You closely miss the iguana.
The iguana is heavily wounded.
The iguana bites you.
* * * LOW HITPOINT WARNING * * *
You block the iguana's attack.
There is a stone staircase leading up here.
The iguana bites you.
You die...

.........>....
#.......#..#
#..........#
#..##.#.#.###.#
#.............#
#.###....######
###.## .....#
####.## ..... #.
#@l...# .....
#..#.#...# .....
###..#.#...# ....#
.....#..#.#...#
...#
..............#
#.##
.....#..#.#..##
#÷÷# .....#..#.#..#
##.##.....#..#....#
#..#.....#.......#


You could see an iguana.

Vanquished Creatures
  Terence (D:2)
  2 adders
  2 worms (D:1)
  3 dart slugs (D:1)
  2 leopard geckos (D:1)
  A ball python (D:2)
  2 giant cockroaches
  3 goblins
  6 hobgoblins
  9 bats
  3 frilled lizards
  5 kobolds (D:1)
  6 rats (D:1)
45 creatures vanquished.

Notes
Turn   | Place    | Note
-------+----------+-------------------------------------------
     0 | D:1      | Mrkan the Gargoyle Fighter began the quest for the Orb.
     0 | D:1      | Reached XP level 1. HP: 14/14 MP: 1/1
   234 | D:1      | Reached XP level 2. HP: 15/19 MP: 2/2
   466 | D:1      | Reached XP level 3. HP: 21/23 MP: 3/3
  1267 | D:2      | Reached XP level 4. HP: 27/29 MP: 4/4
  1743 | D:2      | Noticed Terence
  1751 | D:2      | Killed Terence
  2119 | D:3      | Slain by an iguana

Skill      XL: |  1  2  3 |
---------------+----------+-----
Maces & Flails | 3 |  3.3
Fighting       | |  3.9
Armour         | |  3.9
Shields        | |  3.9

Action                   |  1- 3 |  4- 6 || total
-------------------------+-------+-------++-------
Melee: Flail             |   162 |    41 ||   203
  Eat: Chunk             |     1 |     3 ||     4
Armor: Scale mail        |   107 |    27 ||   134
Dodge: Dodged            |    64 |    17 ||    81
Block: Shield            |   105 |    25 ||   130
